General information
- name: BNet
- type: Ladder team game (AT/RT)
- host: Battle.net
- saver: DOGSANDHORSE.RU
map: SilverpineForest
- players: 6
- length: 09:33
- speed: Fast
- version: 1.24 W3XP
- replay type:

» download(78 KB)
Players
team 1 (winner)
2xbackwrdzgldr (
blue | 107 APM | 1020 actions | 09:31)
3 Archmage
2 Summon Water Elemental
1 Brilliance Aura
1 Mountain King
1 Storm Bolt
» actions
| Assign group hotkey | 73 | |
| Basic commands | 3 | |
| Build / train | 40 | |
| ESC pressed | 1 | |
| Enter build submenu | 16 | |
| Enter hero's abilities submenu | 4 | |
| Remove unit from queue | 1 | |
| Right click | 514 | |
| Select / deselect | 184 | |
| Select group hotkey | 141 | |
| Use ability | 43 | |
1020 total
» units
| Peasant | 18 | |
| Sorceress | 3 | |
| Priest | 2 | |
23 total
» upgrades
» buildings
| Altar of Kings | 1 | |
| Farm | 6 | |
| Lumber Mill | 1 | |
| Scout Tower | 5 | |
| Keep | 1 | |
| Arcane Tower | 1 | |
| Guard Tower | 4 | |
| Arcane Sanctum | 2 | |
| Arcane Vault | 1 | |
22 total
» build order
00:02 Altar of Kings
00:03 Farm
01:01 Lumber Mill
01:08 Farm
03:09 Scout Tower
03:12 Scout Tower
03:26 Keep
03:42 Scout Tower
03:44 Scout Tower
03:48 Scout Tower
04:07 Arcane Tower
04:24 Guard Tower
04:25 Guard Tower
04:25 Guard Tower
06:01 Arcane Sanctum
06:02 Arcane Sanctum
06:25 Farm
06:26 Farm
07:20 Farm
08:28 Arcane Vault
09:30 Farm
BI-fcl_gldrbs (
pink | 124 APM | 1184 actions | 09:31)
3 Pandaren Brewmaster
2 Breath of Fire
1 Drunken Haze
» actions
| Assign group hotkey | 19 | |
| Basic commands | 32 | |
| Build / train | 41 | |
| ESC pressed | 8 | |
| Enter build submenu | 11 | |
| Enter hero's abilities submenu | 3 | |
| Right click | 706 | |
| Select / deselect | 140 | |
| Select group hotkey | 190 | |
| Use ability | 34 | |
1184 total
» units
» buildings
| Moon Well | 4 | |
| Tree of Life | 1 | |
| Altar of Elders | 2 | |
| Hunter's Hall | 1 | |
| Ancient of War | 2 | |
| Ancient Protector | 1 | |
| Tree of Ages | 1 | |
12 total
» build order
00:25 Moon Well
01:10 Tree of Life
01:44 Altar of Elders
01:47 Altar of Elders
02:25 Hunter's Hall
02:47 Ancient of War
03:58 Ancient of War
04:00 Moon Well
04:02 Moon Well
08:12 Ancient Protector
09:17 Moon Well
09:22 Tree of Ages
DOGSANDHORSE.RU (
yellow | 100 APM | 960 actions | 09:33)
3 Archmage
2 Summon Water Elemental
1 Brilliance Aura
» actions
| Assign group hotkey | 15 | |
| Basic commands | 1 | |
| Build / train | 42 | |
| Enter build submenu | 13 | |
| Enter hero's abilities submenu | 3 | |
| Right click | 616 | |
| Select / deselect | 161 | |
| Select group hotkey | 76 | |
| Use ability | 33 | |
960 total
» units
» upgrades
» buildings
| Altar of Kings | 1 | |
| Farm | 5 | |
| Barracks | 1 | |
| Lumber Mill | 1 | |
| Scout Tower | 6 | |
| Guard Tower | 4 | |
| Arcane Tower | 2 | |
| Keep | 1 | |
21 total
» build order
00:17 Altar of Kings
00:26 Farm
00:45 Barracks
00:50 Farm
01:10 Farm
01:55 Lumber Mill
02:36 Farm
05:58 Scout Tower
06:00 Scout Tower
06:01 Scout Tower
06:15 Farm
06:17 Scout Tower
06:17 Scout Tower
06:18 Scout Tower
06:37 Guard Tower
07:05 Arcane Tower
07:44 Guard Tower
07:48 Arcane Tower
09:08 Guard Tower
09:08 Keep
09:09 Guard Tower
team 2 (loser)

»
FFaTeam.Frikk (
red | 99 APM | 944 actions | 09:31)
2 Tauren Chieftain
1 Endurance Aura
1 Shockwave
» actions
| Assign group hotkey | 25 | |
| Basic commands | 63 | |
| Build / train | 29 | |
| Enter build submenu | 11 | |
| Enter hero's abilities submenu | 3 | |
| Remove unit from queue | 1 | |
| Right click | 248 | |
| Select / deselect | 88 | |
| Select group hotkey | 459 | |
| Use ability | 17 | |
944 total
» units
| Peon | 7 | |
| Troll Headhunter/Berserker | 13 | |
20 total
» upgrades
» buildings
| Altar of Storms | 1 | |
| Orc Burrow | 3 | |
| War Mill | 1 | |
| Barracks | 3 | |
| Voodoo Lounge | 1 | |
| Stronghold | 1 | |
10 total
» build order
00:13 Altar of Storms
00:22 Orc Burrow
00:53 War Mill
01:54 Barracks
01:55 Barracks
02:06 Barracks
02:18 Orc Burrow
02:32 Voodoo Lounge
03:24 Orc Burrow
07:39 Stronghold
» items
| Healing Salve | 1 | |
| Lesser Clarity Potion | 1 | |
| Scroll of Speed | 1 | |
3 total
Lis.NightElf (
teal | 120 APM | 1135 actions | 09:29)
3 Priestess of the Moon
2 Trueshot Aura
1 Searing Arrows
» actions
| Assign group hotkey | 29 | |
| Basic commands | 67 | |
| Build / train | 34 | |
| Enter build submenu | 9 | |
| Enter hero's abilities submenu | 3 | |
| Right click | 304 | |
| Select / deselect | 145 | |
| Select group hotkey | 501 | |
| Use ability | 43 | |
1135 total
» units
» upgrades
» buildings
| Altar of Elders | 1 | |
| Moon Well | 4 | |
| Hunter's Hall | 1 | |
| Ancient of War | 2 | |
| Tree of Ages | 2 | |
| Tree of Eternity | 4 | |
| Ancient of Wonders | 1 | |
15 total
» build order
00:07 Altar of Elders
00:19 Moon Well
01:43 Hunter's Hall
01:47 Ancient of War
02:07 Moon Well
02:26 Ancient of War
03:24 Tree of Ages
03:25 Tree of Ages
05:54 Moon Well
07:22 Moon Well
07:50 Tree of Eternity
07:50 Tree of Eternity
07:50 Tree of Eternity
07:50 Tree of Eternity
08:42 Ancient of Wonders
» items
Lis.Undead (
purple | 83 APM | 787 actions | 09:27)
2 Death Knight
1 Death Coil
1 Death Pact
» actions
| Assign group hotkey | 18 | |
| Basic commands | 4 | |
| Build / train | 17 | |
| Enter build submenu | 8 | |
| Enter hero's abilities submenu | 2 | |
| Give item / drop item | 2 | |
| Right click | 415 | |
| Select / deselect | 114 | |
| Select group hotkey | 182 | |
| Use ability | 25 | |
787 total
» units
| Acolyte | 5 | |
| Ghoul | 1 | |
| Crypt Fiend | 6 | |
12 total
» buildings
| Graveyard | 1 | |
| Crypt | 1 | |
| Altar of Darkness | 1 | |
| Ziggurat | 2 | |
| Tomb of Relics | 1 | |
6 total
» build order
00:11 Graveyard
00:16 Crypt
00:33 Altar of Darkness
00:39 Ziggurat
01:11 Tomb of Relics
01:48 Ziggurat
» items
| Rod of Necromancy | 1 | |
| Dust of Appearance | 1 | |
2 total
Chat log
(04:15 / All) DOGSANDHORSE.RU: good red
(04:16 / All) DOGSANDHORSE.RU: good tp